Map: King's Cove LE

Players

JonSnow - Winner!

  • Race: Zerg Zerg
  • League: Grandmaster
  • Spawn Location: 11:00

ROGMeomaika (MeomaikA)

  • Race: Zerg Zerg
  • League: Master
  • Spawn Location: 5:00

Event: 2019 WCS Winter Americas

VOD

Have the link to the VOD?

Description

Time

  • Played on: Feb. 8, 2019, 2:09 p.m.
  • Length: 5:52

All games in this series

Show
View Real Time Build Order
Export as new Build Order

JonSnow Zerg - Winner!

Build Orders: Hatch First 

Get SALT Encoding   

  12  0:00  Drone  
  13  0:13  Overlord  
  13  0:18  Drone  
  14  0:31  Drone x2  
  16  0:50  Hatchery  
  16  0:53  Drone  
  16  0:56  Drone  
  17  1:01  Drone  
  18  1:11  Extractor  
  17  1:17  Spawning Pool  
  16  1:20  Drone  
  16  1:24  Drone  
  18  1:29  Drone  
  19  1:39  Drone  
  20  1:53  Overlord  
  20  2:05  Queen x2  
  20  2:06  Zergling x4  
  26  2:11  Metabolic Boost  
  26  2:23  Drone x3  
  29  2:35  Drone x3  
  32  2:43  Drone  
  33  2:44  Queen  
  35  2:55  Baneling Nest  
  34  3:04  Hatchery  
  33  3:06  Overlord  
  33  3:10  Zergling x2  
  33  3:11  Zergling x2  
  35  3:16  Zergling x2  
  36  3:31  Overlord  
  35  3:38  Baneling x2  
  35  3:44  Baneling x2  
  35  3:50  Zergling x2  
  35  3:51  Zergling x10  
  41  3:56  Baneling x2  
  41  4:04  Zergling x6  
  42  4:21  Drone  
  42  4:22  Drone x2  
  43  4:30  Overlord  
  43  4:37  Evolution Chamber  
  43  4:38  Hatchery  
  41  4:39  Drone x2  
  41  4:40  Overlord  
  41  4:42  Overlord  
  41  4:43  Overlord  
  43  4:50  Drone  
  44  4:56  Drone x5  
  44  4:58  Baneling  
  49  5:08  Roach Warren  
  49  5:09  Drone x2  
  46  5:14  Drone x2  
  46  5:19  Extractor  
  46  5:29  Overlord  
  44  5:47  Extractor  
Show
View Real Time Build Order
Export as new Build Order

ROGMeomaika Zerg 

Build Orders: Pool First 

Get SALT Encoding   

  12  0:01  Drone  
  13  0:08  Drone  
  14  0:17  Overlord  
  14  0:23  Extractor  
  14  0:24  Drone  
  15  0:36  Drone x2  
  17  0:45  Spawning Pool  
  17  0:49  Drone  
  17  1:10  Hatchery  
  16  1:12  Drone  
  16  1:14  Extractor  
  16  1:17  Drone  
  17  1:32  Zergling x4  
  19  1:33  Queen  
  19  1:38  Drone  
  22  1:48  Overlord  
  22  2:07  Drone  
  23  2:09  Queen  
  23  2:10  Drone  
  26  2:20  Metabolic Boost  
  26  2:22  Queen  
  28  2:25  Drone  
  28  2:29  Drone  
  30  2:33  Drone  
  30  2:34  Drone  
  32  2:41  Drone x2  
  34  2:45  Drone  
  34  2:49  Drone  
  36  2:53  Overlord  
  36  3:02  Baneling Nest  
  36  3:03  Zergling x2  
  36  3:18  Zergling x2  
  36  3:19  Zergling x12  
  43  3:29  Overlord x2  
  43  3:48  Zergling x2  
  43  3:49  Zergling x6  
  43  3:53  Baneling x2  
  43  3:54  Zergling x2  
  48  4:01  Hatchery, Drone x3  
  49  4:03  Drone  
  49  4:06  Drone  
  49  4:09  Drone  
  51  4:22  Drone x2  
  51  4:23  Overlord  
  51  4:25  Extractor  
  51  4:27  Zergling x2  
  51  4:29  Baneling x4  
  51  4:35  Roach Warren, Drone  
  51  4:42  Zergling x2  
  52  4:47  Drone x4  
  52  4:49  Drone  
  57  4:57  Drone  
  58  5:05  Zergling x2  
  58  5:06  Zergling x2  
  59  5:08  Zergling x2  
  59  5:11  Zergling x2  
  59  5:12  Zergling x6  
  58  5:17  Roach x2  
  58  5:20  Roach  
  62  5:25  Roach  
  62  5:27  Roach  
  65  5:30  Overlord x2  
Tags
 
Add a new tag
Caveats
  • Supply blocks, unpowered buildings, or Contaminate may cause inaccurate times.
  • Supply counts are checked every 10 seconds.